 Dungeon Crawl Stone Soup version 0.28.0 (webtiles) character file.

Game seed: 17431117937771620665

0 belegose the Ducker (level 1, -1/17 HPs)
             Began as a Gnoll Wanderer on Feb 7, 2022.
             Succumbed to a kobold's poison
             ... on level 1 of the Dungeon.
             The game lasted 00:00:52 (188 turns).

belegose the Ducker (Gnoll Wanderer)                 Turns: 188, Time: 00:00:52

Health: -1/17      AC:  4    Str: 13    XL:     1   Next: 10%
Magic:  2/2        EV: 13    Int:  9    God:
Gold:   0          SH:  0    Dex: 11    Spells: 0/0 levels left

rFire   . . .      SeeInvis .   a - +0 hand axe (vorpal)
rCold   . . .      Faith    .   (no shield)
rNeg    . . .      Spirit   .   e - +0 leather armour
rPois   .          Reflect  .   (no helmet)
rElec   .          Harm     .   (no cloak)
rCorr   .          Rampage  .   d - +0 pair of gloves
Will    .....                   (no boots)
Stlth   +.........              (no amulet)
HPRegen 0.05/turn               (no ring)
MPRegen 0.08/turn               (no ring)

@: lethally poisoned (-1 -> -16)
A: fangs 1, strong nose, distributed training
a: no special abilities


You were on level 1 of the Dungeon.
You visited 1 branch of the dungeon, and saw 1 of its levels.

Inventory:

Hand Weapons
 a - a +0 vorpal hand axe (weapon)
 b - a +2 dagger
 c - a +0 spear
Missiles
 v - a curare-tipped dart (quivered)
Armour
 d - a +0 pair of gloves (worn)
 e - a +0 leather armour (worn)
Scrolls
 g - a scroll of magic mapping {unknown}
Potions
 f - a potion of invisibility {unknown}


   Skills:
 + Level 2.3 Fighting
 + Level 0.0 Short Blades
 + Level 0.0 Long Blades
 + Level 0.0 Axes
 + Level 0.0 Maces & Flails
 + Level 2.3 Polearms
 + Level 0.0 Staves
 + Level 0.0 Slings
 + Level 0.0 Bows
 + Level 0.0 Crossbows
 + Level 6.4 Throwing
 + Level 0.0 Armour
 + Level 6.4 Dodging
 + Level 0.0 Stealth
 + Level 0.0 Shields
 + Level 0.0 Unarmed Combat
 + Level 0.0 Spellcasting
 + Level 0.0 Conjurations
 + Level 0.0 Hexes
 + Level 0.0 Summonings
 + Level 0.0 Necromancy
 + Level 0.0 Translocations
 + Level 0.0 Transmutations
 + Level 0.0 Fire Magic
 + Level 0.0 Ice Magic
 + Level 0.0 Air Magic
 + Level 0.0 Earth Magic
 + Level 0.0 Poison Magic
 + Level 2.3 Invocations
 + Level 2.3 Evocations


You couldn't memorise any spells.
You didn't know any spells.
Your spell library was empty.

Dungeon Overview and Level Annotations

Branches:
Dungeon (1/15)

Altars:

Shops:
D:1 !


Innate Abilities, Weirdness & Mutations

You have very sharp teeth.
Your uncanny sense of smell can sniff out nearby items.
Your experience applies equally to all skills.


Message History

b - a +2 dagger (weapon)
a - a +0 vorpal hand axe (weapon)
b - a +2 dagger (weapon)
a - a +0 vorpal hand axe (weapon)
You enter the shallow water.
Moving in this stuff is going to be slow.
Found a dagger.
Found a stone staircase leading down.
You see here a +0 dagger.
A bat comes into view.
Found Wyarat's Distillery.
The helpless bat fails to defend itself.
You hit the bat.
You kill the bat!
No target in view!
No target in view!
Found a scroll labelled EHIROU PALELE.
There is an entrance to Wyarat's Distillery here.
g - a scroll labelled EHIROU PALELE
Found a stone staircase leading down.
A kobold comes into view. It is wielding a +2 dagger of venom.
An endoplasm comes into view.
Found 2 blue potions.
The endoplasm quivers.
The kobold hits you with a +2 dagger of venom.
You are poisoned.
You closely miss the kobold. Your bite misses the kobold.
You feel very sick.
The endoplasm jiggles.
The kobold hits you with a +2 dagger of venom.
You are more poisoned.
You are too injured to fight recklessly!
You are too injured to fight recklessly!
You are too injured to fight recklessly!
You are too injured to fight recklessly!
* * * LOW HITPOINT WARNING * * *
You feel very sick.
You closely miss the kobold. You bite the kobold.
The kobold is moderately wounded.
You die...

#.# #................## ##..
####.#####.##.##.##..#∩###.###.##
.........#.##.##.##..#.####.#.##
.......#.#.##...........####.##
####...........#.............#
#...........##.##..#..######
#.##.###..####.....#..# #.##.#
#..........##..# #.##.#
#.#####@#####..# #.##.# #.# #K#
#..# #.##.# #...!.J........#
#.##.# #######.######.# #.##.#
#.# ∆ #.# #.# #.# ..# ###


You could see an endoplasm and a kobold.

Vanquished Creatures
  A bat (D:1)
1 creature vanquished.

Notes
Turn   | Place    | Note
-------+----------+-------------------------------------------
     0 | D:1      | belegose the Gnoll Wanderer began the quest for the Orb.
     0 | D:1      | belegose set off with the following items: a +2 dagger, a
                  | curare-tipped dart, a +0 spear, a +0 pair of gloves, a +0
                  | leather armour
     0 | D:1      | Reached XP level 1. HP: 17/17 MP: 2/2
   106 | D:1      | Found Wyarat's Distillery.
   188 | D:1      | Succumbed to a kobold's poison

Illustrated notes

Levels and vault maps discovered:
D:1:      nicolae_arrival_washed_ashore, layout_loops_ring, serial_shops, shop,
          shop, shop, nicolae_shop_behind_doors, serial_bayou_lagoon_a,
          serial_park_tiny_2

Action                   || total
-------------------------++-------
Melee: Hand axe          ||     3
       Bite              ||     1
 Stab: Sleeping          ||     1
